 Dungeon Crawl Stone Soup version 0.29.1-15-g9cfb28693d (webtiles) character file.

Game seed: 15749280918116478506

670 jtron the Spear-Bearer (level 7, -3/51 HPs)
             Began as a Gnoll Wanderer on Mar 2, 2023.
             Was an Initiate of Dithmenos.
             Slain by a hornet (12 damage)
             ... on level 7 of the Dungeon.
             The game lasted 00:13:44 (4643 turns).

jtron the Spear-Bearer (Gnoll Wanderer)             Turns: 4643, Time: 00:13:45

Health: -3/51      AC: 11    Str:  9    XL:     7   Next: 58%
Magic:  11/11      EV: 11    Int:  8    God:    Dithmenos [......]
Gold:   271        SH:  0    Dex: 19    Spells: 11/11 levels left

rFire   . . .      SeeInvis .   a - +0 trident
rCold   + . .      Faith    .   (no shield)
rNeg    . . .      Spirit   .   q - +1 ring mail {Will+}
rPois   .          Reflect  .   (no helmet)
rElec   .          Harm     .   g - +1 cloak
rCorr   +          Rampage  .   c - +1 pair of gloves
Will    +....                   (no boots)
Stlth   +++.......              (no amulet)
HPRegen 0.17/turn               k - ring of resist corrosion
MPRegen 0.12/turn               o - ring of protection from cold

@: lethally poisoned (-3 -> -5), slowed, very slow
A: fangs 1, strong nose, distributed training
a: Renounce Religion


You were on level 7 of the Dungeon.
You worshipped Dithmenos.
Dithmenos was noncommittal.
You visited 2 branches of the dungeon, and saw 8 of its levels.

You collected 271 gold pieces.

Inventory:

Hand Weapons
 a - a +0 trident (weapon)
 b - a +0 sling
 u - a +8 club
Missiles
 f - 45 stones
 n - 2 boomerangs (quivered)
 p - 2 javelins
Armour
 c - a +1 pair of gloves (worn)
 e - a +0 leather armour
 g - a +1 cloak (worn)
 q - a +1 ring mail of willpower (worn)
Jewellery
 k - a ring of resist corrosion (left hand)
 o - a ring of protection from cold (right hand)
 s - a ring of ice
Wands
 v - a wand of flame (32)
Scrolls
 h - a scroll of identify
 x - a scroll of brand weapon {unknown}
Potions
 d - a potion of attraction
 i - a potion of curing
 j - 5 potions of mutation
 l - a potion of cancellation {unknown}
 m - 3 potions of haste
 r - a potion of heal wounds {unknown}
 z - a potion of brilliance


   Skills:
 + Level 2.7 Fighting
 + Level 2.7 Short Blades
 + Level 2.7 Long Blades
 + Level 2.7 Axes
 + Level 2.7 Maces & Flails
 + Level 9.0 Polearms
 + Level 2.7 Staves
 + Level 3.8 Ranged Weapons
 + Level 2.7 Throwing
 + Level 3.8 Armour
 + Level 2.7 Dodging
 + Level 8.3 Stealth
 + Level 2.7 Shields
 + Level 2.7 Unarmed Combat
 + Level 2.7 Spellcasting
 + Level 2.2 Conjurations
 + Level 2.2 Hexes
 + Level 2.2 Summonings
 + Level 2.2 Necromancy
 + Level 2.2 Translocations
 + Level 2.2 Transmutations
 + Level 2.2 Fire Magic
 + Level 2.2 Ice Magic
 + Level 2.2 Air Magic
 + Level 2.2 Earth Magic
 + Level 2.2 Poison Magic
 + Level 3.0 Invocations
 + Level 2.7 Evocations


You had 11 spell levels left.
You didn't know any spells.
Your spell library was empty.

Dungeon Overview and Level Annotations

Branches:
Dungeon (7/15)             Temple (1/1) D:7

Altars:
Cheibriados
Dithmenos
Fedhas
Gozag
Hepliaklqana
Makhleb
Okawaru
Ru
Sif Muna
Uskayaw
Vehumet
Wu Jian
Xom
Yredelemnul
Zin

Shops:
D:7 *


Innate Abilities, Weirdness & Mutations

You have very sharp teeth.
Your uncanny sense of smell can sniff out nearby items.
Your experience applies equally to all skills.


Message History

You reach to attack!
The helpless hornet fails to defend itself.
You puncture the hornet!
The hornet is moderately wounded.
The hornet stings you!
You feel yourself slow down.
You hit the hornet but do no damage.
The hornet is moderately wounded.
You feel yourself speed up.
The hornet stings you but does no damage.
You hit the hornet.
The hornet is moderately wounded.
The hornet stings you but does no damage.
The hornet stings you.
You are poisoned.
You feel yourself slow down.
You hit the hornet but do no damage. You bite the hornet, but do no damage.
The hornet is moderately wounded.
You feel very sick. The hornet stings you.
You feel as though you will be slow longer.
The hornet stings you but does no damage.
You hit the hornet but do no damage.
The hornet is moderately wounded.
You feel sick. The hornet stings you.
You suddenly lose the ability to move!
The hornet stings you.
You feel as though you will be slow longer.
You can move again.
Aiming: Throw Flame
Press: ? - help, Shift-Dir - straight line, f/p - hornet
Aim: a hornet (moderately wounded, 57% to hit)
The puff of flame misses the hornet.
You feel sick. The hornet barely misses you. The hornet stings you.
You feel as though you will be slow longer.
Okay, then.
It was a potion of magic.
Magic courses through your body.
You feel sick. The hornet stings you.
* * * LOW HITPOINT WARNING * * *
You feel as though you will be slow longer.
The hornet stings you!
You die...

.....
............########
#####
#.##...............#
#
.....#.#..#######.#
.. ............# ...
.#..#.#.###.# .##
#..#.#.# .# ...
#......# # ...
#.##.### .. #@# .
#..y...... .
#..#####.. . #..# .
#..# . .... . ..∩. .
..... .


You could see a hornet.

Vanquished Creatures
  A sky beast (D:7)
  A centaur (D:7)
  A bullfrog (D:7)
  A jelly (D:4)
  2 orc priests
  A hound (D:5)
  Ijyb (D:3)
  2 iguanas
  3 orc wizards
  3 gnolls (D:4)
  6 adders
  2 worms (D:2)
  2 dart slugs
  7 orcs
  7 ball pythons
  3 bats
  8 endoplasms
  A giant cockroach (D:1)
  5 goblins
  4 hobgoblins
  6 jackals (D:4)
  4 kobolds (D:1)
  2 quokkas (D:1)
  3 frilled lizards
  7 rats
  A spectral goblin (D:1)
84 creatures vanquished.

Notes
Turn   | Place    | Note
-------+----------+-------------------------------------------
     0 | D:1      | jtron the Gnoll Wanderer began the quest for the Orb.
     0 | D:1      | jtron set off with the following items: a +0 trident, a +0
                  | sling, a +0 pair of gloves, a potion of attraction, a +0
                  | leather armour.
     0 | D:1      | Reached XP level 1. HP: 13/13 MP: 1/1
     2 | D:1      | Noticed a vine stalker
     2 | D:1      | Noticed a naga
     4 | D:1      | Noticed a human
     4 | D:1      | Noticed a tengu
     6 | D:1      | Noticed an elf
     8 | D:1      | Noticed a demigod
    10 | D:1      | Noticed a formicid
    10 | D:1      | Noticed a vampire
    12 | D:1      | Noticed a spriggan
    12 | D:1      | Noticed a troll
    14 | D:1      | Noticed a demonspawn
    14 | D:1      | Noticed a ghoul
    16 | D:1      | Noticed a merfolk
    18 | D:1      | Noticed an octopode
    18 | D:1      | Noticed a felid
    20 | D:1      | Noticed an ogre
    20 | D:1      | Noticed a meteoran
    22 | D:1      | Noticed a palentonga
    22 | D:1      | Noticed a gargoyle
    24 | D:1      | Noticed a draconian
    26 | D:1      | Noticed a draconian
    26 | D:1      | Noticed a palentonga
   131 | D:1      | Reached XP level 2. HP: 19/19 MP: 2/2
   302 | D:1      | Found a faded altar of an unknown god.
   401 | D:1      | Reached XP level 3. HP: 17/25 MP: 3/3
   627 | D:2      | Reached skill level 1 in Invocations
   821 | D:2      | Reached skill level 1 in Fighting
   821 | D:2      | Reached skill level 1 in Short Blades
   821 | D:2      | Reached skill level 1 in Long Blades
   821 | D:2      | Reached skill level 1 in Axes
   821 | D:2      | Reached skill level 1 in Maces & Flails
   821 | D:2      | Reached skill level 1 in Staves
   821 | D:2      | Reached skill level 1 in Throwing
   821 | D:2      | Reached skill level 1 in Dodging
   821 | D:2      | Reached skill level 1 in Shields
   821 | D:2      | Reached skill level 1 in Unarmed Combat
   821 | D:2      | Reached skill level 1 in Spellcasting
   821 | D:2      | Reached skill level 1 in Evocations
   901 | D:2      | Reached XP level 4. HP: 32/32 MP: 5/5
  1021 | D:2      | Found an opulent altar of Gozag.
  1613 | D:3      | Reached skill level 1 in Conjurations
  1613 | D:3      | Reached skill level 1 in Hexes
  1613 | D:3      | Reached skill level 1 in Summonings
  1613 | D:3      | Reached skill level 1 in Necromancy
  1613 | D:3      | Reached skill level 1 in Translocations
  1613 | D:3      | Reached skill level 1 in Transmutations
  1613 | D:3      | Reached skill level 1 in Fire Magic
  1613 | D:3      | Reached skill level 1 in Ice Magic
  1613 | D:3      | Reached skill level 1 in Air Magic
  1613 | D:3      | Reached skill level 1 in Earth Magic
  1613 | D:3      | Reached skill level 1 in Poison Magic
  1706 | D:3      | Noticed Ijyb
  1735 | D:3      | Killed Ijyb
  1881 | D:3      | Reached XP level 5. HP: 37/37 MP: 7/7
  2359 | D:4      | Found a radiant altar of Vehumet.
  2750 | D:4      | Reached XP level 6. HP: 44/44 MP: 8/8
  3160 | D:5      | Entered Level 5 of the Dungeon
  3281 | D:6      | Noticed a water moccasin
  3299 | D:7      | Found a staircase to the Ecumenical Temple.
  3306 | Temple   | Entered the Ecumenical Temple
  3585 | Temple   | Became a worshipper of Dithmenos the Shadowed
  3602 | D:7      | Noticed a sky beast
  3650 | D:7      | Noticed an orc warrior
  3770 | D:7      | Noticed a wyvern
  3933 | D:7      | Killed a sky beast
  3934 | D:7      | Reached XP level 7. HP: 33/51 MP: 10/10
  4271 | D:7      | Reached skill level 9 in Polearms
  4557 | D:7      | Found a hide-covered altar of Uskayaw.
  4635 | D:7      | Found Dousim's General Store.
  4636 | D:7      | Noticed a hornet
  4641 | D:7      | Paralysed by a hornet for 1 turns
  4643 | D:7      | Slain by a hornet

Illustrated notes

Levels and vault maps discovered:
D:1:      kb_arrival_jail, layout_basic,
          dreamdust_ecumenical_altar_drowned_temple, glass_columns_c
D:2:      layout_basic, basic_altar
D:3:      layout_loops_ring, chequers_serial_rivers_micro_c,
          minmay_misc_feat_hallway, grunt_decor_junction, uniq_ijyb
D:4:      layout_basic, mainiacjoe_overflow_small_starburst,
          kennysheep_generic_room_13
D:5:      layout_gridville, nicolae_qazlal_style_of_elements
D:6:      layout_rooms, lemuel_coloured_pillars_altar, overflow_temple_1_default
D:7:      layout_basic, nicolae_uskayaw_murder_on_the_dancefloor,
          lemuel_round_altar, minmay_temple_entry_statues_pillars, serial_shops,
          shop, kennysheep_diamond
Temple:   cyrus_circular_temple

Skill      XL: |  1  2  3  4  5  6  7 |
---------------+----------------------+-----
Invocations    | 1 2 3 |  3.0
Fighting       | 1 2 |  2.7
Short Blades   | 1 2 |  2.7
Long Blades    | 1 2 |  2.7
Axes           | 1 2 |  2.7
Maces & Flails | 1 2 |  2.7
Staves         | 1 2 |  2.7
Throwing       | 1 2 |  2.7
Dodging        | 1 2 |  2.7
Shields        | 1 2 |  2.7
Unarmed Combat | 1 2 |  2.7
Spellcasting   | 1 2 |  2.7
Evocations     | 1 2 |  2.7
Conjurations   | 1 2 |  2.2
Hexes          | 1 2 |  2.2
Summonings     | 1 2 |  2.2
Necromancy     | 1 2 |  2.2
Translocations | 1 2 |  2.2
Transmutations | 1 2 |  2.2
Fire Magic     | 1 2 |  2.2
Ice Magic      | 1 2 |  2.2
Air Magic      | 1 2 |  2.2
Earth Magic    | 1 2 |  2.2
Poison Magic   | 1 2 |  2.2
Ranged Weapons | 3 |  3.8
Armour         | 3 |  3.8
Stealth        | 8 |  8.3
Polearms       | 9 |  9.0

Action                   |  1- 3 |  4- 6 |  7- 9 || total
-------------------------+-------+-------+-------++-------
Melee: Trident           |    44 |   171 |    14 ||   229
       Punch             |     2 |     3 |       ||     5
       Bite              |     2 |    17 |     3 ||    22
 Fire: Sling             |    29 |    69 |       ||    98
Throw: Stone             |       |     6 |       ||     6
       Boomerang         |       |       |     3 ||     3
Evoke: Wand              |       |     2 |     4 ||     6
  Use: Potion            |       |     9 |     1 ||    10
       Scroll            |       |     8 |     2 ||    10
 Stab: Sleeping          |     6 |     5 |     1 ||    12
Armor: Leather armour    |    13 |     2 |       ||    15
       Ring mail         |       |    72 |     9 ||    81
Dodge: Dodged            |    17 |    74 |    12 ||   103
